 Dungeon Crawl Stone Soup version 0.19.5 (webtiles) character file.

108 JeffiDaFish the Shield-Bearer (level 4, -2/28 HPs)
             Began as a Gargoyle Fighter on Nov 7, 2017.
             Killed by divine providence
             ... invoked by an orc priest
              (15 damage)
             ... on level 2 of the Dungeon.
             The game lasted 00:06:27 (2302 turns).

JeffiDaFish the Shield-Bearer (Gargoyle Fighter)    Turns: 2302, Time: 00:06:28

Health: -2/28      AC: 10    Str: 20    XL:     4   Next: 87%
Magic:  4/4        EV:  7    Int:  8    God:
Gold:   84         SH:  9    Dex: 10    Spells: 0 memorised, 3 levels left

rFire  . . .     SeeInvis .     a - +1 flail
rCold  . . .     Gourm    .     b - +0 scale mail
rNeg   + . .     Faith    .     c - +0 shield
rPois  ∞         Spirit   .     (no helmet)
rElec  +         Reflect  .     (no cloak)
rCorr  .         Harm     .     (no gloves)
MR     .....                    (no boots)
Stlth  ..........               (no amulet)
                                (no ring)
                                (no ring)

@: no status effects
A: negative energy resistance 1, electricity resistance, unbreathing,
petrification resistance, rot immunity, AC +3
a: no special abilities


You were on level 2 of the Dungeon.
You were hungry.

You visited 1 branch of the dungeon, and saw 3 of its levels.

You collected 84 gold pieces.

Inventory:

Hand Weapons
 a - a +1 flail (weapon)
Armour
 b - a +0 scale mail (worn)
 c - a +0 shield (worn)
Scrolls
 j - a scroll of teleportation
Potions
 d - a potion of might
 e - a potion of brilliance
 k - 2 potions of curing
Comestibles
 f - 3 bread rations
 h - 2 fruits
 i - a meat ration
 l - a slice of pizza


   Skills:
 + Level 3.6 Fighting
 + Level 3.1 Maces & Flails
 + Level 3.9 Armour
 + Level 0.8 Dodging
 + Level 0.8 Stealth
 + Level 4.1 Shields


You had 3 spell levels left.
You didn't know any spells.

Dungeon Overview and Level Annotations

Branches:
Dungeon (3/15)

Altars:


Innate Abilities, Weirdness & Mutations

You are resistant to torment.
Your stone body is resilient. (AC +3)
You are immune to poison.
You resist negative energy. (rN+)
You are resistant to electric shocks. (rElec)
You can survive without breathing.
You are immune to petrification.
You are immune to rotting.


Message History

The orc priest mumbles some strange prayers to Beogh against you.
Beogh smites you! The orc priest barely misses you.
You climb upwards.
There is a stone staircase leading down here.
You see here a dagger.
Your shield and scale mail prevent you from hitting the orc priest.
The orc priest barely misses you. You block the orc priest's attack.
The orc priest barely misses you.
You barely miss the orc priest.
The orc priest begins to cast a cantrip, but forgets the words!
The orc priest hits you but does no damage.
You barely miss the orc priest. The orc priest hits you with a war axe.
The orc priest hits you but does no damage.
You hit the orc priest.
The orc priest is moderately wounded.
The orc priest hits you but does no damage.
The orc priest mumbles some strange prayers to Beogh against you.
Beogh smites you!
Ouch! That really hurt!
You die...

##)..# #.......# #.# .....##
##.#.##### #.# ##..#.###.##.#
#.# #..##...###.# #.# ##..###.##
#.# #.# # <...# #.# #.#
#.############ ##.## #.# #.#
#............. #.# #.#
#.#################### #.# #.#
#....@†####### # #.# #.#
#....oo...<..## # #.# #.#
#.####.####...######## #.#
#.####.# #.###.........##. #.#
#......# #)##.......##.... #.#
######## #.#.........####.
#.##############.#..............
#................#.........####.
##.(......)...######.......## ##


You could see 2 orc priests.

Vanquished Creatures
  A crimson imp (D:2)
  An adder (D:2)
  A worm (D:2)
  2 dart slugs (D:1)
  2 leopard geckos (D:1)
  4 orcs (D:2)
  A giant cockroach (D:2)
  10 goblins
  6 hobgoblins (D:1)
  9 kobolds
  2 ball pythons
  4 bats
  2 frilled lizards
  6 rats
51 creatures vanquished.

Vanquished Creatures (others)
  A goblin (D:1)
1 creature vanquished.

Grand Total: 52 creatures vanquished

Notes
Turn   | Place    | Note
-------+----------+-------------------------------------------
     0 | D:1      | JeffiDaFish the Gargoyle Fighter began the quest for the Orb.
     0 | D:1      | Reached XP level 1. HP: 14/14 MP: 1/1
    57 | D:1      | Reached XP level 2. HP: 18/19 MP: 2/2
   243 | D:1      | Reached XP level 3. HP: 20/23 MP: 3/3
  1052 | D:2      | Reached skill level 4 in Shields
  1338 | D:2      | Reached XP level 4. HP: 28/28 MP: 4/4
  2302 | D:2      | Killed from afar by an orc priest

Skill      XL: |  1  2  3  4 |
---------------+-------------+-----
Shields        | 4 |  4.1
Maces & Flails | 3 |  3.1
Fighting       | |  3.6
Armour         | |  3.9
Dodging        | |  0.8
Stealth        | |  0.8

Action                   |  1- 3 |  4- 6 || total
-------------------------+-------+-------++-------
Melee: Flail             |   173 |    57 ||   230
  Use: Scroll            |     7 |       ||     7
       Potion            |     2 |       ||     2
  Eat: Chunk             |     2 |     2 ||     4
Armor: Scale mail        |   100 |    31 ||   131
Dodge: Dodged            |    54 |    32 ||    86
Block: Shield            |    94 |    35 ||   129
